 Dungeon Crawl Stone Soup version 0.27.1-34-g3ba077fa99 (webtiles) character file.

Game seed: 12923084511865250916

191 pkoi the Ruffian (level 5, -4/45 HPs)
             Began as a Draconian Monk on Jan 12, 2022.
             Slain by an orc wizard (5 damage)
             ... on level 3 of the Dungeon.
             The game lasted 00:04:07 (3372 turns).

pkoi the Ruffian (Draconian Monk)                   Turns: 3372, Time: 00:04:08

Health: -4/45      AC:  6    Str: 14    XL:     5   Next: 41%
Magic:  5/5        EV: 12    Int: 13    God:
Gold:   87         SH:  0    Dex: 13    Spells: 4/4 levels left

rFire    . . .     SeeInvis .     - Unarmed
rCold    . . .     Faith    .   (no shield)
rNeg     . . .     Spirit   .   (armour unavailable)
rPois    .         Reflect  .   (helmet restricted)
rElec    .         Harm     .   h - +0 cloak
rCorr    .         Rampage  .   (no gloves)
Will     .....                  (no boots)
Stlth    ++........             d - amulet of the acrobat
HPRegen  0.15/turn              (no ring)
MPRegen  0.09/turn              (no ring)

@: lethally poisoned (-4 -> -20), flying
A: AC +5, unfitting armour, cold-blooded, clever 1
a: no special abilities


You were on level 3 of the Dungeon.
You visited 1 branch of the dungeon, and saw 3 of its levels.

You collected 87 gold pieces.

Inventory:

Hand Weapons
 e - a +3 short sword
Armour
 h - a +0 cloak (worn)
Jewellery
 d - an amulet of the acrobat (around neck)
Potions
 a - 2 potions of curing
 c - a potion of cancellation


   Skills:
 - Level 3.2 Fighting
 - Level 2.6 Dodging
 - Level 1.7 Stealth
 * Level 6.2 Unarmed Combat


You had 4 spell levels left.
You didn't know any spells.
Your spell library contained the following spells:

 Spells                   Type           Power      Damage    Failure   Level
 Beastly Appendage        Tmut           0%         N/A       30%         1
 Sandblast                Erth           0%         2d4       30%         1
 Sting                    Tmut/Pois      0%         1d3       30%         1
 Passwall                 Tmut/Erth      0%         N/A       43%         2
 Poisonous Vapours        Pois/Air       0%         N/A       43%         2
 Ignite Poison            Fire/Tmut/Pois 0%         N/A       67%         3
 Inner Flame              Hex/Fire       0%         N/A       67%         3
 Mephitic Cloud           Conj/Pois/Air  0%         N/A       67%         3
 Olgreb's Toxic Radiance  Pois           0%         N/A       97%         4
 Petrify                  Tmut/Erth      0%         N/A       97%         4
 Bolt of Magma            Conj/Fire/Erth 0%         4d4       100%        5
 Lehudib's Crystal Spear  Conj/Erth      0%         10d2      100%        8


Dungeon Overview and Level Annotations

Branches:
Dungeon (3/15)

Altars:
Sif Muna


Innate Abilities, Weirdness & Mutations

Your plain brown scales are hard. (AC +5)
You cannot fit into any form of body armour.
You are cold-blooded and may be slowed by cold attacks.
Your mind is acute. (Int +2)


Message History

Items here: )) [[ ††.
You hit something. Your punch misses something.
You feel very sick. Something hits you but does no damage.
You are more poisoned.
You punch something!
* * * LOW HITPOINT WARNING * * *
You feel very sick. Something hits you.
* * * LOW HITPOINT WARNING * * *
You are more poisoned.
You closely miss something.
* * * LOW HITPOINT WARNING * * *
You feel very sick. Something hits you.
* * * LOW HITPOINT WARNING * * *
You are more poisoned.
Unknown command.
You feel better. Something hits you.
* * * LOW HITPOINT WARNING * * *
An orc wizard appears from thin air!
Reactivating autopickup.
You aren't carrying any scrolls.
You closely miss the orc wizard.
The orc wizard is severely wounded.
The orc wizard hits you with a +2 dagger of venom.
* * * LOW HITPOINT WARNING * * *
You are lethally poisoned!
You barely miss the orc wizard.
The orc wizard is severely wounded.
* * * LOW HITPOINT WARNING * * *
You feel very sick.
The orc wizard hits you but does no damage.
You are more poisoned.
You barely miss the orc wizard.
The orc wizard is severely wounded.
* * * LOW HITPOINT WARNING * * *
You feel very sick.
The orc wizard hits you with a +2 dagger of venom.
You die...

###############
#........oo@..#
#.##...######.#
#8).8# #.#
#...!..####.###
###..###......#
.... #....###
##..# #....#
.... #...##
#..# #.#.#


You could see an orc wizard and an orc.

Vanquished Creatures
  An orc priest (D:2)
  An orc wizard (D:3)
  2 adders
  5 gnolls
  A dart slug (D:2)
  4 orcs (D:3)
  7 endoplasms
  4 giant cockroaches
  7 goblins
  A hobgoblin (D:1)
  2 jackals (D:3)
  2 kobolds
  2 quokkas (D:3)
  7 ball pythons
  5 bats
  2 frilled lizards
  2 rats
55 creatures vanquished.

Vanquished Creatures (others)
  An orc wizard (D:3)
1 creature vanquished.

Grand Total: 56 creatures vanquished

Notes
Turn   | Place    | Note
-------+----------+-------------------------------------------
     0 | D:1      | pkoi the Draconian Monk began the quest for the Orb.
     0 | D:1      | Reached XP level 1. HP: 19/19 MP: 1/1
   349 | D:1      | Reached XP level 2. HP: 21/26 MP: 2/2
   410 | D:1      | Got the Disquisition on the Volcanoes and Clay
   967 | D:2      | Reached skill level 4 in Unarmed Combat
  1041 | D:2      | Reached XP level 3. HP: 19/31 MP: 3/3
  1215 | D:2      | Found a faded altar of an unknown god.
  1219 | D:2      | Got Plato's Reference Book on Transmutation
  1694 | D:2      | Reached skill level 5 in Unarmed Combat
  1694 | D:2      | Reached XP level 4. HP: 14/38 MP: 4/4
  2037 | D:3      | Found a shimmering blue altar of Sif Muna.
  2691 | D:3      | Reached XP level 5. HP: 39/45 MP: 5/5
  2966 | D:3      | Reached skill level 6 in Unarmed Combat
  3342 | D:3      | Gained mutation: Your mind is acute. (Int +2) [potion of
                  | mutation]
  3372 | D:3      | HP: 1/45 [poisoned by an orc wizard]
  3372 | D:3      | Slain by an orc wizard

Illustrated notes

Levels and vault maps discovered:
D:1:      minmay_arrival_solitary_statue, layout_loops_ring
D:2:      layout_rooms, serial_forest, infiniplex_forest_clump_long,
          infiniplex_forest_lined_2, infiniplex_forest_clump_curved,
          infiniplex_forest_clump_curved, infiniplex_forest_clump_curved,
          shapermc_ecumenical_altar_rom_forum
D:3:      layout_basic, minitemple, tso_metal_star,
          mainiacjoe_overflow_six_doors_small

Skill      XL: |  1  2  3  4  5 |
---------------+----------------+-----
Unarmed Combat | 4 5 6 |  6.2
Fighting       | |  3.2
Dodging        | |  2.6
Stealth        | |  1.7

Action                   |  1- 3 |  4- 6 || total
-------------------------+-------+-------++-------
Melee: Unarmed           |   112 |    89 ||   201
       Tailslap          |    10 |     9 ||    19
       Punch             |     1 |     1 ||     2
       Short sword       |       |     4 ||     4
  Use: Potion            |       |     4 ||     4
       Scroll            |       |     3 ||     3
 Stab: Sleeping          |     8 |     2 ||    10
Armor: Skin              |    27 |    30 ||    57
Dodge: Dodged            |    77 |    44 ||   121
